AoeStats
← Valerian

Arabia

510140414Analyzed
1v1 RM · 3d ago on Sep 29, 2026· 32m 23s· 2 players
Game mode
Random Map
Map size
Tiny (2 player)
Population
200
Speed
Normal
Resources
Standard
Victory
Conquest
Starting age
Dark Age
Ending age
Imperial Age
RankedLock teamsTeams togetherTeam positionsShared explorationLock speedFull tech treeHidden civsTurbo modeCheats
Victory
Defeat
🇪🇬 Persians · Egypt
1148
+17
🇩🇰 Poles · Denmark
1177
-17
Slayer350
8:06 Loom
10:22 Feudal Age
11:37 Horse Collar
12:11 Double-Bit Axe
18:06 Wheelbarrow
18:32 Wheelbarrow
21:50 Castle Age
21:26 Bloodlines
22:29 Scale Barding Armor
29:51 Chain Barding Armor
Valerian
6:29 Loom
9:29 Feudal Age
10:24 Double-Bit Axe
21:34 Castle Age
20:11 Horse Collar
20:31 Fletching
20:41 Padded Archer Armor
21:47 Forging
21:43 Scale Barding Armor
22:29 Bow Saw
26:29 Wheelbarrow
25:39 Town Watch
27:42 Bodkin Arrow
28:02 Leather Archer Armor
27:09 Crossbowman
28:13 Gold Mining
28:13 Stone Mining
Connection lost

Rejoining the realm…

Still unreachable

The connection could not be restored.

Session expired

The server has moved on; the page needs a fresh start.